 Dungeon Crawl Stone Soup version 0.23-a0-290-g290e36d (webtiles) character file.

3799 MisterFreud the Grappler (level 9, -6/80 HPs)
             Began as a Troll Monk on Oct 3, 2018.
             Was a Priest of Qazlal.
             Mangled by Erica
             ... wielding a +4 scimitar of flaming
              (12 damage)
             ... on level 8 of the Dungeon.
             The game lasted 00:13:36 (5985 turns).

MisterFreud the Grappler (Troll Monk)               Turns: 5985, Time: 00:13:37

Health: -6/80      AC:  9    Str: 21    XL:     9   Next: 96%
Magic:  9/9        EV: 13    Int:  6    God:    Qazlal [***...]
Gold:   359        SH:  4    Dex: 15    Spells: 8/8 levels left

rFire    . . .     SeeInvis .     - Unarmed
rCold    + . .     Gourm    +   (no shield)
rNeg     . . .     Faith    .   a - +0 robe
rPois    .         Spirit   .   (helmet restricted)
rElec    .         Reflect  .   v - +0 cloak
rCorr    .         Harm     .   (gloves unavailable)
MR       .....                  (boots unavailable)
Stlth    +.........             (no amulet)
HPRegen  0.63/turn              w - ring of protection from cold
MPRegen  0.11/turn              j - +3 ring of protection

@: lethally poisoned (-6 -> -7)
A: large, unfitting armour, claws 3, fast metabolism 3, gourmand, regeneration
1, shaggy fur 1, tough skin 2
a: Upheaval, Elemental Force, Renounce Religion


You were on level 8 of the Dungeon.
You worshipped Qazlal.
Qazlal was most pleased with you.
You were completely stuffed.

You visited 2 branches of the dungeon, and saw 9 of its levels.

You collected 359 gold pieces.

Inventory:

Missiles
 k - 330 stones (quivered)
 l - 103 sling bullets
Armour
 a - a +0 robe (worn)
 v - a +0 cloak (worn)
Jewellery
 j - a +3 ring of protection (right claw)
 w - a ring of protection from cold (left claw)
Wands
 u - a wand of iceblast (16)
 y - a wand of digging (7)
 G - a wand of disintegration (14)
Scrolls
 c - 2 scrolls of fog {unknown}
 d - a scroll of magic mapping {unknown}
 e - a scroll of random uselessness {unknown}
 f - 3 scrolls of amnesia {unknown}
 i - 3 scrolls of blinking {unknown}
 m - a scroll of noise {unknown}
 n - 10 scrolls of remove curse {unknown}
 p - 8 scrolls of identify {unknown}
 q - 2 scrolls of enchant weapon {unknown}
 r - 3 scrolls of teleportation {unknown}
 s - 2 scrolls of fear {unknown}
Potions
 g - a potion of flight {unknown}
 h - a potion of brilliance {unknown}
 o - 3 potions of degeneration {unknown}
 t - 7 potions of curing
 x - a potion of haste {unknown}
 z - a potion of might {unknown}
 A - a potion of agility {unknown}
 B - a potion of mutation {unknown}
 C - a potion of heal wounds
 D - a potion of berserk rage {unknown}
 E - a potion of cancellation {unknown}
Comestibles
 b - 16 rations


   Skills:
 - Level 2.4 Fighting
 - Level 6.3 Dodging
 - Level 1.0 Stealth
 - Level 12.3 Unarmed Combat
 + Level 2.0 Invocations


You had 8 spell levels left.
You didn't know any spells.
Your spell library was empty.

Dungeon Overview and Level Annotations

Branches:
Dungeon (8/15)             Temple (1/1) D:5
   Lair: D:8-11

Altars:
Ashenzari
Dithmenos
Elyvilon
Fedhas
Gozag
Hepliaklqana
Kikubaaqudgha
Makhleb
Nemelex Xobeh
Okawaru
Qazlal
Ru
Sif Muna
Trog
Uskayaw
Vehumet
Wu Jian
Xom
Zin

Annotations:
D:8 Erica


Innate Abilities, Weirdness & Mutations

You are too large for most types of armour.
You have claws for hands.
Your metabolism is lightning-fast.
You like to eat raw meat.
Your natural rate of healing is unusually fast.
You are covered in fur. (AC +1)
You have very tough skin. (AC +2)


Message History

Qazlal accepts your kill.
Your Invocations skill increases to level 2!
You feel sick.
You hear some strange, mumbled words.
Something tries to affect you, but you resist.
You miss the adder. The adder bites you but does no damage.
You claw the adder!
You kill the adder!
Qazlal accepts your kill.
You feel sick.
You hear a bark!
You hear an angry buzzing noise.
Items here: †††† a killer bee corpse x4
You feel sick. Something hits you!
* * * LOW HITPOINT WARNING * * *
Something burns you.
* * * LOW HITPOINT WARNING * * *
A black bear comes into view.
You miss something. Something hits you!
You die...

#.# #.# ........#
.......# ......#
..... .... ######
.o# ####### .....#
###{# #.....# ####.#
..#@# #.....# #.#
#.#†# #.....## #.#
#.#h######...)..#..y
#.#
#.#.....y.y..P†.....
#.#
#...#####.y..PP.....
#.# #...#
#[..yP...... #.#.
###.### #...P.......
#.#.#####....#
#.PP.P.....P
#.#....##....#
#....P##.#..


You could see a black bear and an orc.

Vanquished Creatures
  An unseen horror (D:8)
  Pikel (D:4)
  Grinder (D:4)
  A hippogriff (D:7)
  A porcupine (D:8)
  2 slaves (D:4)
  3 orc warriors
  A sky beast (D:8)
  An ice beast (D:8)
  A phantom (D:4)
  An ogre (D:4)
  2 bullfrogs
  12 killer bees
  A howler monkey (D:6)
  4 crimson imps
  A centaur zombie (D:7)
  2 orc priests (D:7)
  5 hounds
  2 bullfrog skeletons
  A bullfrog zombie (D:5)
  4 orc wizards
  3 iguanas
  3 worker ants
  Terence (D:3)
  A howler monkey skeleton (D:4)
  3 gnolls (D:3)
  12 adders
  An ooze (D:1)
  An adder skeleton (D:6)
  2 adder zombies
  2 worms (D:3)
  A dart slug (D:1)
  7 leopard geckos
  23 orcs
  6 giant cockroaches
  8 goblins
  10 hobgoblins
  14 jackals
  14 kobolds
  3 quokkas
  3 ball pythons (D:1)
  A ball python skeleton (D:5)
  15 bats
  7 frilled lizards
  A jackal skeleton (D:4)
  A leopard gecko skeleton (D:4)
  7 rats
198 creatures vanquished.

Vanquished Creatures (others)
  8 fungi (D:8)
  3 plants (D:8)
11 creatures vanquished.

Grand Total: 209 creatures vanquished

Notes
Turn   | Place    | Note
-------+----------+-------------------------------------------
     0 | D:1      | MisterFreud the Troll Monk began the quest for the Orb.
     0 | D:1      | Reached XP level 1. HP: 22/22 MP: 0/0
   130 | D:1      | Reached XP level 2. HP: 29/29 MP: 1/1
   288 | D:1      | Reached skill level 4 in Unarmed Combat
   367 | D:1      | Reached XP level 3. HP: 35/36 MP: 2/2
   830 | D:2      | You fall through a shaft for 2 floors!
   835 | D:4      | Reached XP level 4. HP: 42/44 MP: 3/3
   865 | D:4      | Noticed a slave
   867 | D:4      | Noticed a slave
   872 | D:4      | Reached skill level 5 in Unarmed Combat
   887 | D:5      | Entered Level 5 of the Dungeon
  1023 | D:4      | Reached XP level 5. HP: 13/50 MP: 4/4
  1121 | D:4      | Reached skill level 6 in Unarmed Combat
  1127 | D:4      | Noticed a phantom
  1171 | D:4      | Noticed Grinder
  1172 | D:4      | Killed a phantom
  1172 | D:4      | Reached XP level 6. HP: 45/59 MP: 5/5
  1179 | D:4      | Paralysed by Grinder for 4 turns
  1183 | D:4      | HP: 1/59 [orc wizard/dagger (2)]
  1185 | D:4      | Reached skill level 7 in Unarmed Combat
  1189 | D:4      | Paralysed by Grinder for 5 turns
  1241 | D:4      | Paralysed by Grinder for 2 turns
  1250 | D:4      | Killed Grinder
  1273 | D:4      | Found a blossoming altar of Fedhas.
  1288 | D:4      | Found an opulent altar of Gozag.
  1347 | D:3      | Noticed Terence
  1351 | D:3      | Killed Terence
  1351 | D:3      | Reached skill level 8 in Unarmed Combat
  1359 | D:3      | Reached XP level 7. HP: 65/66 MP: 6/6
  1847 | D:3      | Found a bloodstained altar of Trog.
  2878 | D:4      | Found a white marble altar of Elyvilon.
  3003 | D:4      | Noticed Pikel
  3065 | D:4      | HP: 3/66 [Pikel/whip of flaming (1)]
  3068 | D:4      | Killed Pikel
  3068 | D:4      | Reached XP level 8. HP: 19/74 MP: 7/7
  3165 | D:4      | Found a burning altar of Makhleb.
  3499 | D:5      | Found a staircase to the Ecumenical Temple.
  3591 | Temple   | Entered the Ecumenical Temple
  3680 | Temple   | Became a worshipper of Qazlal Stormbringer
  3680 | Temple   | Reached * piety under Qazlal
  3680 | Temple   | Reached ** piety under Qazlal
  3740 | D:5      | Found an opulent altar of Gozag.
  4089 | D:6      | Reached skill level 9 in Unarmed Combat
  4960 | D:7      | Reached XP level 9. HP: 80/80 MP: 8/8
  4965 | D:7      | Reached skill level 10 in Unarmed Combat
  5837 | D:8      | Reached skill level 11 in Unarmed Combat
  5842 | D:8      | Reached *** piety under Qazlal
  5952 | D:8      | Killed an unseen horror
  5952 | D:8      | Reached skill level 12 in Unarmed Combat
  5964 | D:8      | Reached skill level 1 in Invocations
  5973 | D:8      | Noticed Erica
  5985 | D:8      | Mangled by Erica

Vault maps used:
D:1:      minmay_arrival_wavy_path, minmay_surrounded
D:3:      overflow_temple_1_default, uniq_terence
D:4:      kennysheep_mini_moat, minitemple, elyvilon_altar_3, uniq_grinder,
          uniq_pikel
D:5:      minmay_temple_entry_junction, first_ration, minmay_strange_pillars,
          lemuel_tele_altar
D:6:      grunt_ministairs_2
D:7:      minmay_tree_intersection
D:8:      lemuel_crystal_altar, grunt_lair_entry_orc_guard_hut, basic_altar,
          uniq_erica
Temple:   nicolae_temple_elliptical

Skill      XL: |  1  2  3  4  5  6  7  8  9 |
---------------+----------------------------+-----
Unarmed Combat | 4 5 6 8 9 12 | 12.3
Dodging        | 6 |  6.3
Invocations    | 2 |  2.0
Fighting       | |  2.4
Stealth        | |  1.0

Action                   |  1- 3 |  4- 6 |  7- 9 || total
-------------------------+-------+-------+-------++-------
Melee: Unarmed           |   113 |   109 |   409 ||   631
       Punch             |     4 |     1 |    21 ||    26
  Use: Potion            |       |     1 |     1 ||     2
 Stab: Sleeping          |     2 |     1 |     5 ||     8
  Eat: Chunk             |    13 |     5 |    42 ||    60
Armor: Robe              |    63 |    42 |   136 ||   241
Dodge: Dodged            |    81 |    51 |   244 ||   376
Block: Other             |       |       |    18 ||    18

Table legend:
 A = Non-vault XP
 B = Vault XP
 C = Vault XP percentage of total XP
 D = Non-vault monster count
 E = Vault monster count
 F = Vault count percentage of total count
                 A         B        C        D         E       F
            +---------+---------+-------+---------+---------+-------
      Total |    4120 |    1308 |  24.1 |     189 |       7 |   3.6
            +---------+---------+-------+---------+---------+-------
        D:1 |      68 |       2 |   2.9 |      36 |       1 |   2.7
        D:2 |     131 |       0 |   0.0 |      32 |       0 |   0.0
        D:3 |     110 |      32 |  22.5 |      29 |       1 |   3.3
        D:4 |     617 |     908 |  59.5 |      28 |       2 |   6.7
        D:5 |     184 |       0 |   0.0 |      14 |       0 |   0.0
        D:6 |     386 |      90 |  18.9 |      12 |       1 |   7.7
        D:7 |    1074 |       0 |   0.0 |      23 |       0 |   0.0
        D:8 |    1550 |     276 |  15.1 |      15 |       2 |  11.8
            +---------+---------+-------+---------+---------+-------
